 Dungeon Crawl Stone Soup version 0.19-a0-1341-g3513869 (webtiles) character file.

1880 4thArraOfDagon the Grappler (level 8, -11/67 HPs)
             Began as a Troll Ice Elementalist on Sept 1, 2016.
             Mangled by Aquadorian's ghost (38 damage)
             ... on level 3 of the Lair of Beasts.
             The game lasted 00:10:33 (2261 turns).

4thArraOfDagon the Grappler (TrIE)                  Turns: 2261, Time: 00:10:33

Health: -11/67     AC:  6    Str: 17    XL:     8   Next: 91%
Magic:  8/8        EV: 18    Int: 13    God:
Gold:   323        SH:  0    Dex: 15    Spells: 1 memorised, 8 levels left

rFire  . . .     SeeInvis .       - Unarmed
rCold  . . .     Gourm    +     a - +0 robe
rNeg   . . .     Faith    .     (no shield)
rPois  .         Spirit   .     i - +1 hat
rElec  .         Dismiss  .     (no cloak)
rCorr  .         Reflect  .     (gloves unavailable)
MR     .....     Harm     .     (boots unavailable)
Stlth  +++.......               d - amulet of regeneration
                                p - ring of flight
                                f - +3 ring of evasion

@: agile
A: unfitting armour, claws 3, fast metabolism 3, gourmand, regeneration 1,
shaggy fur 1, tough skin 2
a: Evoke Flight


You were on level 3 of the Lair of Beasts.
You were full.

You visited 2 branches of the dungeon, and saw 12 of its levels.
You also visited: Sewer.

You collected 323 gold pieces.

Inventory:

Missiles
 n - 2 exploding tomahawks (quivered)
Armour
 a - a +0 robe (worn)
 i - a +1 hat (worn)
Jewellery
 d - an amulet of regeneration (around neck)
 f - a +3 ring of evasion (left claw)
 m - an uncursed amulet of the gourmand {unknown}
 p - a ring of flight (right claw)
Wands
 q - a wand of polymorph (8/24)
 r - a wand of confusion (10/48)
Scrolls
 g - a scroll of recharging
 h - 3 scrolls of remove curse
 k - a scroll of vulnerability {unknown}
 s - a scroll of enchant armour {unknown}
 t - a scroll of silence {unknown}
Potions
 e - a potion of degeneration
Books
 b - a book of Frost

   Spells                             Type                      Level
   a - Freeze                         Ice                          1
   b - Throw Frost                    Conjuration/Ice              2
   c - Ozocubu's Armour               Charms/Ice                   3
   d - Throw Icicle                   Conjuration/Ice              4
   e - Summon Ice Beast               Ice/Summoning                4
Comestibles
 c - 7 bread rations
 j - a meat ration


   Skills:
 - Level 1.5 Dodging
 - Level 1.1 Stealth
 * Level 11.3 Unarmed Combat
 - Level 1.2 Spellcasting
   Level 0.6 Conjurations
 - Level 2.1 Ice Magic


You had 8 spell levels left.
You knew the following spells:

 Your Spells              Type           Power        Failure   Level  Hunger
a - Freeze                Ice            #...         12%         1    ##.....


Dungeon Overview and Level Annotations

Branches:
Dungeon (9/15)               Lair (3/6) D:8
 Temple: D:4-7        Swamp: Lair:2-4    Shoals: Lair:2-4     Snake: Lair:2-4
 Spider: Lair:2-4       Orc: D:9-12

Altars:
Gozag
Okawaru

Shops:
D:7 %

Annotations:
D:7 Prince Ribbit
Lair:3 Aquadorian's ghost, journeyman OgFi


Innate Abilities, Weirdness & Mutations

You are too large for most types of armour.
You have claws for hands.
Your metabolism is lightning-fast.
You like to eat raw meat.
Your natural rate of healing is unusually fast.
You are covered in fur. (AC +1)
You have very tough skin. (AC +2)


Message History

Found an escape hatch in the floor.
You see here a scroll labeled RYSCHO CU ROWAKH.
Unknown command.
k - a scroll labeled RYSCHO CU ROWAKH
Found a chain mail.
Unknown command.
An elephant comes into view.
Unknown command.
An elephant comes into view.
The elephant trumpets!
The elephant tramples the fungus.
The elephant trunk-slaps the fungus.
Unknown command.
Unknown command.
Unknown command.
Unknown command.
Unknown command.
Unknown command.
Aquadorian's ghost hits you!!!
Ouch! That really hurt!
You die...

##.l....... .. ....P.P#.#+...
##### #...............
###.#P.##...P...........♣
........................#.....
.................P............
........................P.....
.................P...........P
....P..P.#.#.##.@W...........♣
...#..................P..$.[♣Y
...P....Y.....P.......Y......♣
..............#......##.#P..♣.
.......#.###..#......# ## ....
...#.##### #..#.....## ..♣
.....# .......... ...P.#
####...#......#
...#.###.##...#.....##


You could see an elephant and Aquadorian's ghost.

Vanquished Creatures
  Sigmund (D:4)
  A spriggan (D:7)
  A hungry ghost (D:8)
  A porcupine (Lair:2)
  An orc warrior (D:7)
  2 ogres
  A centaur (D:6)
  A big kobold (D:4)
  Blork the orc (D:6)
  5 giant frogs
  A jelly (D:6)
  A centaur zombie (D:5)
  A centaur skeleton (D:5)
  A giant frog skeleton (D:3)
  A hound (D:7)
  3 orc priests
  An iguana (D:5)
  4 worker ants
  A worker ant zombie (D:7)
  5 adders
  A river rat (Lair:3)
  2 shadow imps
  An adder skeleton (D:4)
  A worm (D:2)
  A dart slug (D:5)
  3 giant geckos
  21 orcs
  3 hobgoblins
  12 jackals
  A quokka (D:2)
  2 bats (D:3)
  3 giant newts
  4 goblins
  2 jackal skeletons
  11 kobolds
102 creatures vanquished.

Notes
Turn   | Place    | Note
-------+----------+-------------------------------------------
     0 | D:1      | 4thArraOfDagon the Troll Ice Elementalist began the quest for the Orb.
     0 | D:1      | Reached XP level 1. HP: 16/16 MP: 1/1
    81 | D:2      | Reached skill level 1 in Unarmed Combat
   157 | D:3      | Reached skill level 2 in Unarmed Combat
   157 | D:3      | Reached XP level 2. HP: 17/24 MP: 2/2
   157 | D:3      | Reached XP level 3. HP: 22/31 MP: 3/3
   168 | D:3      | Reached skill level 3 in Unarmed Combat
   278 | D:4      | Found an iron altar of Okawaru.
   315 | D:4      | Noticed an ogre
   328 | D:4      | Killed an ogre
   328 | D:4      | Reached skill level 4 in Unarmed Combat
   328 | D:4      | Reached XP level 4. HP: 13/39 MP: 4/4
   351 | D:4      | You fall through a shaft for 2 floors!
   351 | D:6      | Noticed a centaur
   362 | D:6      | Killed a centaur
   362 | D:6      | Reached skill level 5 in Unarmed Combat
   362 | D:6      | Reached XP level 5. HP: 8/45 MP: 5/5
   373 | D:6      | Found an opulent altar of Gozag.
   373 | D:6      | Noticed Blork the orc
   382 | D:6      | Reached XP level 6. HP: 25/53 MP: 6/6
   387 | D:6      | Killed Blork the orc
   387 | D:6      | Reached skill level 6 in Unarmed Combat
   484 | D:6      | Reached skill level 7 in Unarmed Combat
   536 | D:6      | Found a glowing drain.
   542 | D:6      | Reached XP level 7. HP: 50/59 MP: 7/7
   618 | Sewer    | Entered a sewer
   748 | D:6      | Reached skill level 8 in Unarmed Combat
   769 | D:5      | Entered Level 5 of the Dungeon
   902 | D:4      | Noticed Sigmund
   917 | D:4      | Killed Sigmund
   917 | D:4      | Reached skill level 9 in Unarmed Combat
  1113 | D:5      | Reached XP level 8. HP: 54/67 MP: 8/8
  1491 | D:7      | Noticed Prince Ribbit
  1542 | D:7      | Reached skill level 10 in Unarmed Combat
  1565 | D:7      | Found Nuicriot's Food Emporium.
  1640 | D:7      | atheist shit :(
  1873 | D:8      | Reached skill level 11 in Unarmed Combat
  2063 | D:8      | Found a staircase to the Lair.
  2098 | Lair:1   | Entered Level 1 of the Lair of Beasts
  2098 | Lair:1   | Noticed a komodo dragon
  2211 | Lair:3   | Noticed a komodo dragon
  2221 | Lair:3   | Noticed Aquadorian's ghost (journeyman OgFi)
  2253 | Lair:3   | Noticed an elephant
  2254 | Lair:3   | Noticed an elephant
  2261 | Lair:3   | Mangled by Aquadorian's ghost

Vault maps used:
D:1:      ncdulo_watergridlock
D:2:      uniq_terence
D:3:      first_bread, uniq_jessica, uniq_grinder
D:4:      corexii_shack_village, okawaru_trees_1, uniq_sigmund
D:5:      lemuel_ratsnest
D:6:      gup_sewer_entry_glass, nicolae_gozag_seed_capital, uniq_blork_the_orc
D:7:      serial_shops, shop_statue, the_bakery, minivault_26,
          uniq_prince_ribbit1
D:8:      erik_lair_orcish_takeover
Lair:2:   minmay_swamp_entry_worms, minmay_snake_entry_six_corridors,
          lemuel_fruit_tree
Lair:3:   wad_woods_stonehenge
Sewer:    sewer_frog_island_02

Skill      XL: |  1  2  3  4  5  6  7  8 |
---------------+-------------------------+-----
Unarmed Combat | 2 4 5 7 9 11 | 11.3
Dodging        | |  1.5
Stealth        | |  1.1
Spellcasting   | |  1.2
Conjurations   | |  0.6
Ice Magic      | |  2.1

Action                   |  1- 3 |  4- 6 |  7- 9 || total
-------------------------+-------+-------+-------++-------
Melee: Unarmed           |    57 |    36 |   268 ||   361
       Punch             |     1 |     2 |     3 ||     6
Evoke: Wand              |       |       |     1 ||     1
  Use: Potion            |     1 |     2 |     5 ||     8
       Scroll            |       |       |    12 ||    12
 Stab: Sleeping          |       |       |     2 ||     2
  Eat: Chunk             |     3 |     3 |    17 ||    23
       Meat ration       |       |       |     1 ||     1
Armor: Robe              |    28 |     8 |    72 ||   108
Dodge: Dodged            |    28 |    11 |   153 ||   192
